 Dungeon Crawl Stone Soup version 0.28-a0-474-g535839065c (webtiles) character file.

Game seed: 2883941064902581897

280 meatgazer the Chopper (level 6, -2/58 HPs)
             Began as a Hill Orc Monk on Sept 15, 2021.
             Was a Priest of Trog.
             Slain by a gnoll (5 damage)
             ... on level 4 of the Dungeon.
             The game lasted 00:05:29 (3916 turns).

meatgazer the Chopper (Hill Orc Monk)               Turns: 3916, Time: 00:05:29

Health: -2/58      AC:  4    Str: 15 (16) XL:     6   Next: 27%
Magic:  6/6        EV: 12    Int:  7 (10) God:    Trog [***...]
Gold:   78         SH:  0    Dex: 10 (13) Spells: 5/5 levels left

rFire   . . .      SeeInvis .   a - +0 hand axe
rCold   . . .      Faith    .   (no shield)
rNeg    . . .      Spirit   .   d - +1 robe {Archmagi}
rPois   .          Reflect  .   (no helmet)
rElec   .          Harm     .   (no cloak)
rCorr   +          Rampage  .   c - +0 pair of gloves
Will    .....      Archmagi +   (no boots)
Stlth   +.........              (no amulet)
HPRegen 0.19/turn               h - ring of resist corrosion
MPRegen 0.10/turn               (no ring)

@: lit by a corona, on berserk cooldown, slowed, glowing, very slow
A: no striking features
a: Renounce Religion, Berserk, Trog's Hand


You were on level 4 of the Dungeon.
You worshipped Trog.
Trog was most pleased with you.
You visited 1 branch of the dungeon, and saw 4 of its levels.

You collected 78 gold pieces.

Inventory:

Hand Weapons
 a - a +0 hand axe (weapon)
Armour
 c - a +0 pair of gloves (worn)
 d - a +1 robe of the Archmagi (worn)
Jewellery
 h - a ring of resist corrosion (left hand)
Scrolls
 f - 2 scrolls of identify {unknown}
 i - a scroll of vulnerability {unknown}
 l - a scroll of immolation {unknown}
Potions
 b - a potion of brilliance {unknown}
 g - a potion of flight {unknown}
 j - a potion of curing {unknown}
 k - a potion of degeneration


   Skills:
 + Level 6.3 Fighting
 + Level 6.9 Axes
 - Level 2.4 Dodging
 - Level 1.5 Stealth


You had 5 spell levels left.
You didn't know any spells.
Your spell library was empty.

Dungeon Overview and Level Annotations

Branches:
Dungeon (4/15)
 Temple: D:4-7

Altars:
Makhleb
Trog

Shops:
D:3 !


Message History

You hear a shout!
The gnoll shaman calls upon its god to speed up something.
A quokka comes into view.
Found 6 gold pieces.
The gnoll shaman calls upon its god to heal something.
You hear a shout!
The gnoll shaman calls upon its god to speed up the gnoll.
The gnoll seems to speed up.
The quokka bites you.
The gnoll hits you from afar with a +0 spear.
The gnoll hits you from afar with a +0 spear!
The quokka bites you.
The gnoll hits you from afar with a +0 spear.
The quokka bites you but does no damage.
As you read the scroll labelled BEYHISMINKA, it crumbles to dust.
You hear a loud clanging noise!
It was a scroll of noise.
You hear an angry hiss.
You hear a shout!
The gnoll hits you from afar with a +0 spear.
The quokka barely misses you.
The gnoll hits you from afar with a +0 spear.
The quokka closely misses you.
An adder comes into view.
The gnoll shaman barely misses you. The quokka barely misses you.
The gnoll misses you. The quokka closely misses you.
The adder closely misses you.
It was a potion of degeneration.
There was something very wrong with that liquid.
You feel weakened.
You feel dopey.
You feel clumsy.
The gnoll hits you from afar with a +0 spear.
The adder bites you but does no damage.
The gnoll hits you from afar with a +0 spear!
* * * LOW HITPOINT WARNING * * *
The quokka barely misses you.
The gnoll hits you from afar with a +0 spear.
* * * LOW HITPOINT WARNING * * *
The adder bites you but does no damage. The gnoll misses you.
The quokka bites you.
* * * LOW HITPOINT WARNING * * *
The gnoll hits you from afar with a +0 spear.
You die...

# ##. #####
#####...#...##
##.#.#........###
#..#.#.####.....# #.....
#....## #...# .# #.#.##
##@.##.# #..##
###gSr...## #..#
#.g..g#...# #.###
#...g##...# #...#
..#....#...## #..##
....$........###...##
.#..................###
..
..##.............#...#.##
.#.#
#.............####......#


You could see a gnoll shaman, 3 gnolls, an adder and a quokka.

Vanquished Creatures
  An ogre (D:3)
  Ijyb (D:3)
  2 orc wizards
  4 adders (D:3)
  A gnoll (D:4)
  An adder skeleton (D:4)
  A worm (D:4)
  4 dart slugs
  11 orcs
  5 bats
  An endoplasm (D:1)
  6 goblins
  4 hobgoblins
  2 jackals (D:1)
  4 kobolds
  A quokka (D:1)
  4 rats
53 creatures vanquished.

Notes
Turn   | Place    | Note
-------+----------+-------------------------------------------
     0 | D:1      | meatgazer the Hill Orc Monk began the quest for the Orb.
     0 | D:1      | Reached XP level 1. HP: 19/19 MP: 1/1
   662 | D:1      | Reached XP level 2. HP: 27/27 MP: 2/2
   736 | D:1      | Noticed a floating eye
   738 | D:1      | Found a faded altar of an unknown god.
   744 | D:1      | Noticed a golden eye
   744 | D:1      | Noticed a shining eye
   744 | D:1      | Noticed a floating eye
   749 | D:1      | Became a worshipper of Trog the Wrathful
   749 | D:1      | Reached * piety under Trog
   749 | D:1      | Reached ** piety under Trog
  1423 | D:2      | Reached XP level 3. HP: 34/34 MP: 3/3
  1741 | D:2      | Found a burning altar of Makhleb.
  1909 | D:3      | Reached *** piety under Trog
  2005 | D:3      | Reached skill level 5 in Axes
  2400 | D:3      | Reached XP level 4. HP: 22/41 MP: 4/4
  2561 | D:3      | Reached skill level 5 in Fighting
  2835 | D:3      | Found Nier's Distillery.
  2882 | D:3      | Noticed an ogre
  2916 | D:3      | Killed an ogre
  2917 | D:3      | Reached XP level 5. HP: 50/50 MP: 5/5
  3085 | D:3      | Noticed Ijyb
  3120 | D:3      | HP: 2/50 [Ijyb (3)]
  3123 | D:3      | Killed Ijyb
  3523 | D:3      | Reached XP level 6. HP: 57/57 MP: 6/6
  3899 | D:4      | Identified the +1 robe of Absolutism {Int+4}
  3916 | D:4      | Slain by a gnoll

Illustrated notes

Levels and vault maps discovered:
D:1:      lemuel_arrival_cross, layout_loops_ring,
          hellmonk_ecumenical_altar_watching_god
D:2:      layout_rooms, serial_glass, glass_columns_a, glass_columns_a,
          basic_altar
D:3:      layout_basic, serial_shops, nicolae_shop_trees, uniq_ijyb
D:4:      layout_cave_pools, nicolae_elemental_shop

Skill      XL: |  1  2  3  4  5 |
---------------+----------------+-----
Fighting       | 4 5 6 |  6.3
Axes           | 5 6 |  6.9
Dodging        | |  2.4
Stealth        | |  1.5

Action                   |  1- 3 |  4- 6 || total
-------------------------+-------+-------++-------
Melee: Hand axe          |   120 |    69 ||   189
Invok: Berserk           |     2 |     6 ||     8
       Trog's Hand       |       |     1 ||     1
  Use: Scroll            |       |     3 ||     3
       Potion            |       |     1 ||     1
 Stab: Sleeping          |     5 |     1 ||     6
Armor: Robe              |    37 |    21 ||    58
Dodge: Dodged            |    88 |    64 ||   152

Table legend: (Time is in decaauts)
 A = Elapsed time spent in this place.
 B = Non-inter-level travel time spent in this place.
 C = Inter-level travel time spent in this place.
 D = Time resting spent in this place.
 E = Time spent auto-exploring this place.
 F = Levels seen in this place.
 G = Mean time per level.
                   A        B        C        D        E       F      G
               +--------+--------+--------+--------+--------+-----+--------+
         Total |   3997 |   3884 |    113 |   1448 |   1917 |   4 |  999.2 |
       Dungeon |   3997 |   3884 |    113 |   1448 |   1917 |   4 |  999.2 |
               +--------+--------+--------+--------+--------+-----+--------+

Top non-repeatable levels by time:
     D:3: 1900 daAuts
     D:1: 1435 daAuts
     D:2: 471 daAuts
     D:4: 189 daAuts
